 Dungeon Crawl Stone Soup version 0.29.1-1-gd02db6906a (webtiles) character file.

Game seed: 9615429684917798030

12010 RascalDebosk the Fighter (level 12, -9/101 HPs)
             Began as a Djinni Fire Elementalist on Oct 10, 2022.
             Was a Believer of Ashenzari.
             Mangled by Grum
             ... wielding a +0 spear
              (15 damage)
             ... on level 1 of the Lair of Beasts on Oct 11, 2022.
             The game lasted 02:21:33 (13290 turns).

RascalDebosk the Fighter (DjFE)                    Turns: 13290, Time: 02:21:34

Health: -9/101     AC:  9    Str:  7    XL:     12   Next: 14%
Gold:   583        EV: 14    Int: 21    God:    Ashenzari [**....] SH:  0 Dex: 15

rFire   + + +      SeeInvis +   s - +6 dagger (venom)
rCold   + . .      Faith    .   (no shield)
rNeg    . . .      Spirit   .   F - +0 steam dragon scales
rPois   ∞          Reflect  .   u - +2 helmet of Star-Bound Wisdom {Melee, Self} (curse)
rElec   .          Harm     .   C - scarf {rC+ rF+}
rCorr   .          Rampage  .   d - +0 pair of gloves
Will    +....                   (boots unavailable)
Stlth   +++.......              l - amulet of Ashenzari's Seeker {Regen+, Cun, Evo} (curse)
HPRegen 1.06/turn               f - ring of the Unyielding Gaze {rC+, Self, Range} (curse)
MPRegen 0.00/turn               B - ring of wizardry

@: flying
A: sickness immunity, fire resistance 2, cold vulnerability 1, float, innate
caster, HP casting, extra vitality 1
a: Renounce Religion, Shatter the Chains


You were on level 1 of the Lair of Beasts.
You worshipped Ashenzari.
Ashenzari was pleased with you.
You visited 3 branches of the dungeon, and saw 12 of its levels.
You also visited: Ossuary.

You collected 583 gold pieces.

Inventory:

Hand Weapons
 s - a +6 dagger of venom (weapon)
 y - a +3 morningstar
Armour
 d - a +0 pair of gloves (worn)
 g - a +3 leather armour of fire resistance
 j - a +2 cloak
 u - the cursed +2 helmet of Star-Bound Wisdom (worn) {Melee, Self}
   (You found it on level 3 of the Dungeon)

   It has a curse which improves the following skills: Melee Combat: Short
   Blades, Long Blades, Axes, Maces & Flails, Polearms, Staves and Unarmed
   Combat.
   Introspection: Fighting and Spellcasting.
 C - a scarf of resistance (worn)
 F - +0 steam dragon scales (worn)
Magical Staves
 c - a staff of conjuration
 h - a staff of poison
 A - a staff of earth
Jewellery
 f - the cursed ring of the Unyielding Gaze (left hand) {rC+, Self, Range}
   (You found it on level 1 of the Dungeon)

   [ring of protection from cold]

   rC:        It protects you from cold.
   It has a curse which improves the following skills: Introspection: Fighting
   and Spellcasting.
   Ranged Combat: Ranged Weapons and Throwing.
 l - the cursed amulet of Ashenzari's Seeker (around neck) {Regen+, Cun, Evo}
   (You found it on level 8 of the Dungeon)

   [amulet of regeneration]

   Regen:     It increases your rate of health regeneration.
   It has a curse which improves the following skills: Cunning: Dodging and
   Stealth.
   Evocations: Evocations.
 n - an amulet of the acrobat
 B - a ring of wizardry (right hand)
 D - a +4 ring of evasion
 H - a ring of protection from fire
Wands
 v - a wand of quicksilver (13)
 w - a wand of charming (6)
Scrolls
 a - a scroll of fear
 b - a scroll of poison
 e - 8 scrolls of magic mapping
 i - 2 scrolls of identify
 m - 4 scrolls of summoning
 p - 4 scrolls of silence
 r - 4 scrolls of immolation
 t - 9 scrolls of teleportation
 E - a scroll of butterflies
Potions
 k - a potion of cancellation
 o - a potion of ambrosia
 q - 4 potions of might
 x - a potion of heal wounds
 z - 5 potions of curing
 G - 3 potions of brilliance
 I - 2 potions of mutation


   Skills:
 + Level 12.5(14.4) Fighting
 + Level 1.1(1.9) Throwing
 - Level 4.2(5.4) Dodging
 - Level 3.2(4.3) Stealth
 + Level 10.1(12.0) Spellcasting
 + Level 1.3(2.2) Evocations


You had 9 spell levels left.
You knew the following spells:

 Your Spells              Type           Power      Damage    Failure   Level
a - Foxfire               Conj/Fire      100%       2x1d9     1%          1
b - Scorch                Fire           100%       2d10      1%          2
c - Conjure Flame         Conj/Fire      58%        6-21      1%          3
d - Inner Flame           Hex/Fire       58%        N/A       1%          3
e - Flame Wave            Conj/Fire      58%        2d14      1%          4
f - Apportation           Tloc           100%       N/A       1%          1
g - Poisonous Vapours     Pois/Air       100%       N/A       1%          2
h - Call Canine Familiar  Summ           58%        N/A       1%          3
i - Swiftness             Air            58%        N/A       1%          3
j - Petrify               Tmut/Erth      58%        N/A       1%          4
Your spell library was empty.

Dungeon Overview and Level Annotations

Branches:
Dungeon (10/15)            Temple (1/1) D:7            Lair (1/5) D:9
    Orc (0/2) D:9         Ossuary (visited)

Altars:
Ashenzari
Cheibriados
Dithmenos
Elyvilon
Fedhas
Gozag
Hepliaklqana
Makhleb
Nemelex Xobeh
Okawaru
Qazlal
Ru
Trog
Uskayaw
Wu Jian
Xom
Yredelemnul
Zin
The Shining One

Annotations:
D:9 2 transporters, 3 runed translucent doors, Zeld's ghost, novice MiBe
Lair:1 Grum


Innate Abilities, Weirdness & Mutations

You are immune to sickness and miasma.
You are immune to poison.
Your flesh is very heat resistant. (rF++)
You are vulnerable to cold. (rC-)
You float through the air rather than walking.
You learn spells naturally, not from books.
Your magical power is your life essence.
You have superior vitality. (+4 MHP)


Message History

A wolf comes into view.
Grum the Hunter comes into view.
He is wielding a +0 spear and carrying a wand of digging (8).
The yak gores you!
The helpless Joseph fails to defend himself.
You impale Joseph!!
Joseph is poisoned.
Joseph is lightly wounded.
The helpless Joseph fails to defend himself.
You impale Joseph!!
Joseph looks as sick as possible!
Joseph is heavily wounded.
The yak closely misses you. The yak barely misses you.
The helpless Joseph fails to defend himself.
You puncture Joseph!
Joseph looks as sick as possible!
Joseph is heavily wounded.
The yak closely misses you. The yak gores you but does no damage.
The helpless Joseph fails to defend himself.
You puncture Joseph!
Joseph looks as sick as possible!
Joseph is severely wounded.
The wolf howls!
Joseph is no longer petrified.
Joseph unwields a +0 vorpal sling.
Joseph wields a +0 quarterstaff.
Joseph closely misses you. The yak closely misses you.
The yak barely misses you. The yak gores you but does no damage.
You barely miss Joseph.
Joseph is severely wounded.
Joseph hits you with a +0 quarterstaff. The yak gores you!
* * * LOW HITPOINT WARNING * * *
Grum zaps a wand.
Some rock shatters into small pieces.
The yak gores you!
* * * LOW HITPOINT WARNING * * *
The yak gores you but does no damage.
Casting: Petrify (safe; 1% risk of failure)
Confirm with . or Enter, or press ? or * to list all spells.
Casting: Flame Wave (safe; 1% risk of failure)
Press: ? - help, Dir - look around, f - activate A wave of flame ripples out!
The flame wave engulfs the yak.
The yak is lightly wounded.
The flame wave engulfs the yak!
The yak is heavily wounded.
The flame wave engulfs the yak!
The yak is moderately wounded.
The flame wave engulfs Joseph!
You kill Joseph! (Press . to intensify the flame waves.)
* * * LOW HITPOINT WARNING * * *
The wolf barely misses you.
The yak is engulfed in a cloud of scalding steam.
The yak gores you but does no damage. x2; The yak gores you!
* * * LOW HITPOINT WARNING * * *
Your Evocations skill increases to level 1!
A wave of flame ripples out!
The flame wave engulfs the yak!
The yak is heavily wounded.
The flame wave engulfs the yak!
You kill the yak!
The flame wave engulfs the yak.
The yak is heavily wounded.
The flame wave engulfs the wolf!
The wolf is almost dead.
The flame wave engulfs the wolf!
The wolf is almost dead.
The flame wave engulfs the yak!!
The yak is heavily wounded.
* * * LOW HITPOINT WARNING * * *
The wolf bites you.
* * * LOW HITPOINT WARNING * * *
The wolf bites you.
* * * LOW HITPOINT WARNING * * *
The yak barely misses you. The yak closely misses you.
Your Throwing skill increases to level 1!
A wave of flame ripples out!
The flame wave engulfs the yak.
The yak is severely wounded.
The flame wave engulfs the yak!
The yak is almost dead.
The flame wave engulfs the yak!
The yak is severely wounded.
The flame wave engulfs the wolf!
You kill the wolf!
The flame wave engulfs the wolf!
You kill the wolf!
The flame wave engulfs Grum!
Grum is moderately wounded.
* * * LOW HITPOINT WARNING * * *
You finish channelling waves of flame.
The yak is engulfed in a cloud of scalding steam.
The yak barely misses you. Grum barely misses you. The yak gores you!
* * * LOW HITPOINT WARNING * * *
The yak barely misses you.
Casting: Flame Wave (safe; 1% risk of failure)
Confirm with . or Enter, or press ? or * to list all spells.
Casting: Flame Wave (safe; 1% risk of failure)
Press: ? - help, Dir - look around, f - activate A wave of flame ripples out!
The flame wave engulfs the yak!
You kill the yak!
The flame wave engulfs the yak.
You kill the yak!
The flame wave engulfs the yak!
You kill the yak! (Press . to intensify the flame waves.)
* * * LOW HITPOINT WARNING * * *
Grum hits you from afar with a +0 spear!
You die...

#.......~~..... **
*#.#~~~~~~~.!#.. *
...~≈≈≈≈≈~~~...*** ,
...~≈≈≈~≈≈≈~.# # ,
..~~≈≈~~~≈≈~.#, .##*
* ...≈≈~~<.§§~§#
.... ,
..~~≈≈~~.§§§§#.....
,
...~≈≈≈~~§§§)......
...~~≈≈~~§§@††.....,
** ~
~#P~~~~~≈§§†#g#!...
, .......~...#. # .
* ~ .#######.##### *
, ### * , * **, , *
, * * ** ,, *


You could see Grum.

Vanquished Creatures
  A two-headed ogre (D:9)
  A centaur warrior (D:8)
  5 ugly things (D:9)
  Joseph (Lair:1)
  A komodo dragon (D:10)
  A kobold demonologist (D:9)
  A troll (D:10)
  A hornet (D:6)
  Grinder (D:5)
  A slime creature (D:8)
  A wyvern (D:7)
  2 shadows (D:9)
  10 yaks
  3 steam dragons
  A two-headed ogre zombie (D:9)
  2 acid dragons (D:8)
  3 water moccasins (D:7)
  An orc warrior (D:9)
  A black bear (D:7)
  2 ice beasts (D:6)
  2 sky beasts (D:8)
  An ogre (D:5)
  2 wolves (Lair:1)
  2 centaurs
  4 kobold brigands
  A phantom (D:5)
  Blork the orc (D:4)
  2 bullfrogs (D:6)
  13 scorpions
  A gnoll sergeant (D:10)
  7 wights
  8 killer bees
  3 howler monkeys (D:10)
  2 centaur zombies (Ossuary)
  A jelly (D:5)
  11 orc priests
  3 hounds
  Jessica (D:3)
  Ijyb (D:5)
  6 orc wizards
  5 scorpion zombies (Ossuary)
  A statue (D:9)
  7 ogre zombies (D:9)
  3 mummies (Ossuary)
  Robin (D:2)
  3 gnolls (D:10)
  15 adders
  2 white imps
  An ufetubus (D:5)
  3 worms
  The ghost of bakla the Covert, a weakling GnDe of Ru (D:3)
  A dart slug (D:1)
  27 orcs
  4 bats
  3 endoplasms (D:1)
  6 giant cockroaches
  16 goblins
  11 hobgoblins
  10 jackals
  24 kobolds
  A quokka (D:4)
  11 ball pythons
  2 frilled lizards
  4 gnoll zombies (Ossuary)
  A goblin skeleton (D:9)
  4 goblin zombies
  2 hobgoblin skeletons (D:9)
  9 hobgoblin zombies
  A kobold zombie (Ossuary)
  5 orc skeletons (D:9)
  12 orc zombies
  A quokka zombie (D:5)
  2 rats (D:1)
  A rat zombie (D:5)
312 creatures vanquished.

Vanquished Creatures (collateral kills)
  An orc warrior (D:8)
  A bullfrog (D:7)
  3 hounds
  An orc (D:6)
6 creatures vanquished.

Vanquished Creatures (others)
  A wyvern (D:9)
  876 foxfires
  A plant (Lair:1)
878 creatures vanquished.

Grand Total: 1196 creatures vanquished

Notes
Turn   | Place    | Note
-------+----------+-------------------------------------------
     0 | D:1      | RascalDebosk the Djinni Fire Elementalist began the quest
                  | for the Orb.
     0 | D:1      | RascalDebosk set off with the following spells memorised:
                  | Foxfire, Scorch, Conjure Flame, Inner Flame, Flame Wave.
     0 | D:1      | Reached XP level 1. HP: 15/15 MP: 0/0
   199 | D:1      | Reached XP level 2. HP: 16/22 MP: 0/0
   727 | D:1      | Reached XP level 3. HP: 24/26 MP: 0/0
   727 | D:1      | Learned a level 1 spell: Apportation
   751 | D:1      | Reached skill level 1 in Fighting
  1252 | D:2      | Reached XP level 4. HP: 29/32 MP: 0/0
  1262 | D:2      | Noticed Robin
  1268 | D:2      | Killed Robin
  1821 | D:2      | Reached XP level 5. HP: 35/38 MP: 0/0
  1821 | D:2      | Learned a level 2 spell: Poisonous Vapours
  1899 | D:2      | Reached skill level 2 in Fighting
  2012 | D:2      | Found a shimmering altar of Xom.
  2620 | D:3      | Found a runed translucent door.
  2625 | D:3      | Noticed bakla's ghost (weakling GnDe)
  2640 | D:3      | Killed bakla's ghost
  2936 | D:3      | Reached XP level 6. HP: 25/45 MP: 0/0
  3202 | D:3      | Noticed Jessica
  3206 | D:3      | Killed Jessica
  3736 | D:3      | Reached skill level 3 in Fighting
  4047 | D:4      | Reached XP level 7. HP: 30/50 MP: 0/0
  4047 | D:4      | Learned a level 3 spell: Call Canine Familiar
  4522 | D:4      | Noticed Blork the orc
  4537 | D:4      | Killed Blork the orc
  4538 | D:4      | Reached skill level 4 in Fighting
  4828 | D:4      | Found a glowing golden altar of the Shining One.
  5303 | D:5      | Entered Level 5 of the Dungeon
  5315 | D:5      | Noticed Grinder
  5334 | D:5      | Killed Grinder
  5335 | D:5      | Reached skill level 5 in Fighting
  5335 | D:5      | Reached XP level 8. HP: 51/59 MP: 0/0
  5338 | D:5      | Found a sand-covered staircase.
  5350 | Ossuary  | Entered an ossuary
  5532 | Ossuary  | Reached skill level 5 in Spellcasting
  5761 | Ossuary  | Reached skill level 6 in Fighting
  5910 | Ossuary  | Reached XP level 9. HP: 63/67 MP: 0/0
  5910 | Ossuary  | Learned a level 3 spell: Swiftness
  6518 | D:5      | Reached skill level 7 in Fighting
  7044 | D:5      | Noticed Ijyb
  7045 | D:5      | Killed Ijyb
  7495 | D:6      | Found an ornate altar of the Wu Jian Council.
  7687 | D:6      | Noticed a hornet
  7694 | D:6      | Killed a hornet
  7695 | D:6      | Reached skill level 8 in Fighting
  8568 | D:7      | Found a staircase to the Ecumenical Temple.
  8577 | Temple   | Entered the Ecumenical Temple
  8679 | Temple   | Became a worshipper of Ashenzari the Shackled
  8741 | D:7      | Reached XP level 10. HP: 58/77 MP: 0/0
  8972 | D:7      | Reached skill level 9 in Fighting
 10527 | D:8      | Reached skill level 10 in Fighting
 10726 | D:8      | Noticed a centaur warrior
 10739 | D:8      | HP: 3/81 [centaur warrior/arrow (12)]
 10740 | D:8      | Killed a centaur warrior
 10748 | D:8      | Reached XP level 11. HP: 48/87 MP: 0/0
 10748 | D:8      | Learned a level 4 spell: Petrify
 11377 | D:9      | Noticed a two-headed ogre
 11385 | D:9      | HP: 1/87 [two-headed ogre/+0 giant club (29)]
 11387 | D:9      | Killed a two-headed ogre
 11388 | D:9      | Reached skill level 11 in Fighting
 11557 | D:9      | Found a staircase to the Lair.
 11608 | D:9      | Found a staircase to the Orcish Mines.
 11712 | D:9      | Reached * piety under Ashenzari
 11894 | D:9      | Noticed a tengu warrior
 11896 | D:9      | Noticed a cyclops
 11917 | D:9      | Noticed a two-headed ogre
 11920 | D:9      | Identified the amulet "Ukloh" {Reflect -Tele Dex+4 SH+5
                  | SInv}
 11920 | D:9      | Noticed a deep elf pyromancer
 12073 | D:9      | Found a transporter.
 12073 | D:9      | Found a transporter.
 12121 | D:9      | Found a runed translucent gate.
 12122 | D:9      | Found a runed translucent gate.
 12123 | D:9      | Found a runed translucent gate.
 12124 | D:9      | Noticed a cyan ugly thing
 12125 | D:9      | Noticed a cyan ugly thing
 12125 | D:9      | Noticed a white ugly thing
 12125 | D:9      | Noticed a green ugly thing
 12125 | D:9      | Noticed a white ugly thing
 12145 | D:9      | Killed a green ugly thing
 12147 | D:9      | Killed a green ugly thing
 12148 | D:9      | Killed a white ugly thing
 12149 | D:9      | Killed a white ugly thing
 12150 | D:9      | Reached skill level 12 in Fighting
 12151 | D:9      | Killed a brown ugly thing
 12156 | D:9      | Found a runed translucent gate.
 12156 | D:9      | Found a runed translucent gate.
 12157 | D:9      | Found a runed translucent gate.
 12160 | D:9      | Noticed Zeld's ghost (novice MiBe)
 12307 | D:9      | Found a white marble altar of Elyvilon.
 12311 | D:9      | Found a hazy altar of Hepliaklqana.
 12314 | D:9      | Found a sparkling altar of Nemelex Xobeh.
 12471 | D:10     | Entered Level 10 of the Dungeon
 12535 | D:10     | Reached skill level 10 in Spellcasting
 12698 | D:10     | Reached XP level 12. HP: 93/98 MP: 0/0
 12807 | D:10     | Reached ** piety under Ashenzari
 13272 | Lair:1   | Entered Level 1 of the Lair of Beasts
 13272 | Lair:1   | Noticed Joseph
 13281 | Lair:1   | Noticed Grum
 13287 | Lair:1   | Killed Joseph
 13288 | Lair:1   | Reached skill level 1 in Evocations
 13289 | Lair:1   | Reached skill level 1 in Throwing
 13290 | Lair:1   | Mangled by Grum

Illustrated notes

Levels and vault maps discovered:
D:1:      lightli_arrival_statue_moat, layout_basic, minivault_4
D:2:      layout_loops_cross, basic_altar, minmay_snake_closets, uniq_robin
D:3:      layout_loops_ring, ebering_ghost_sewer_d, uniq_jessica
D:4:      layout_cave_pods, tso_altar, uniq_blork_the_orc
D:5:      minmay_inner_zag, layout_loops_ring, enter_ossuary_4, uniq_ijyb,
          uniq_grinder
D:6:      layout_basic, nzn_wu_jian_contemplation, chequers_serial_rivers_marsh
D:7:      layout_loops_ring, minmay_temple_entry_poolview
D:8:      kennysheep_blocky_room, layout_loops_ring
D:9:      gammafunk_the_bubble [the_bubble_gammafunk_plus_minus],
          layout_irregular_city, vehumet_statue, grunt_temple_overflow_diamond,
          lair_entry_dummy, zombieorc2_lemuel,
          ploomutoo_gammafunk_ghost_potion_laboratory, minmay_misc_feat_iff
D:10:     layout_irregular_city
Temple:   minmay_temple_bridge_d
Lair:1:   statuecave_lemuel, layout_misc_corridors,
          nicolae_volcano_entry_hallway, gammafunk_lair_bear_cave,
          infiniplex_staircase_pool_2, uniq_joseph, uniq_grum

Skill      XL: |  1  2  3  4  5  6  7  8  9 10 11 12 |
---------------+-------------------------------------+-----
Stealth        | 2 3 |  3.2
Fighting       | 1 2 3 5 6 8 10 12 | 12.5
Dodging        | 3 4 |  4.2
Spellcasting   | 3 4 5 7 8 10 | 10.1
Evocations     | 1 |  1.3
Throwing       | 1 |  1.1

Action                   |  1- 3 |  4- 6 |  7- 9 | 10-12 || total
-------------------------+-------+-------+-------+-------++-------
Melee: Staff             |       |     3 |    21 |       ||    24
       Punch             |       |       |     1 |     2 ||     3
       Morningstar       |       |       |       |     7 ||     7
       Dagger            |       |       |       |    53 ||    53
 Cast: Foxfire           |    55 |   101 |   153 |   235 ||   544
       Scorch            |     2 |    16 |    31 |    16 ||    65
       Apportation       |     2 |       |       |       ||     2
       Inner Flame       |     1 |       |       |     1 ||     2
       Poisonous Vapours |       |     1 |       |       ||     1
       Flame Wave        |       |       |    11 |    22 ||    33
       Call Canine Famil |       |       |     5 |     3 ||     8
       Swiftness         |       |       |       |     3 ||     3
       Petrify           |       |       |       |    12 ||    12
Invok: Curse Item        |       |       |       |     3 ||     3
  Use: Scroll            |       |     8 |    16 |     4 ||    28
       Potion            |       |       |     8 |     5 ||    13
 Stab: Petrified         |       |       |       |    37 ||    37
       Petrifying        |       |       |       |     1 ||     1
Armor: Robe              |     5 |    28 |     3 |       ||    36
       Leather armour    |       |       |    52 |    18 ||    70
       Steam dragon scal |       |       |       |    31 ||    31
Dodge: Dodged            |    11 |    79 |    58 |   135 ||   283
